AoeStats
← Gripen

Baltic

510815539Analyzed
4v4 RM · 20h ago on Oct 2, 2026· 76m 3s· 8 players
Game mode
Random Map
Map size
Large (8 player)
Population
200
Speed
Normal
Resources
Standard
Victory
Conquest
Starting age
Dark Age
Ending age
Imperial Age
RankedLock teamsTeams togetherTeam positionsShared explorationLock speedFull tech treeHidden civsTurbo modeCheats
Victory
Defeat
🇧🇪 Malay · Belgium
1326
+15
🇩🇪 Wu · Germany
1313
+15
🇨🇿 Mongols · Czechia
1294
+16
🇧🇪 Magyars · Belgium
1206
+19
🇸🇪 Spanish · Sweden
1499
-23
🇸🇪 Dravidians · Sweden
1397
-21
🇸🇪 Lithuanians · Sweden
1146
-11
🇫🇮 Varangians · Finland
1122
-10
Professor Chaos
3:17 Loom
12:56 Feudal Age
13:25 Wheelbarrow
12:36 Double-Bit Axe
15:12 Fletching
15:43 Town Watch
19:59 Castle Age
18:43 Horse Collar
20:15 Hand Cart
20:24 Bow Saw
20:54 Heavy Plow
21:54 Fishing Lines
22:41 Gillnets
30:11 Imperial Age
29:05 Clinker Construction
30:17 Thalassocracy
31:09 Ballistics
32:40 Masonry
32:59 Forging
34:17 Chemistry
33:22 Squires
33:24 Bodkin Arrow
36:13 Carvel Hull
37:06 Elite Cannon Galleon
38:16 Siege Engineers
39:37 Medium Warships
39:41 Careening
40:45 Shipwright
41:20 Heavy Warships
41:36 Heavy Warships
41:19 Bracer
41:42 Dry Dock
43:30 Conscription
43:50 Iron Casting
44:38 Coinage
46:54 Heated Shot
51:44 Pikeman
52:10 Arson
52:52 Bombard Tower
53:47 Blast Furnace
54:29 Banking
54:00 Caravan
54:03 Halberdier
60:31 Gold Mining
61:49 Town Patrol
62:31 Siphons
75:36 Elite Karambit Warrior
DrdlisCZ
10:19 Feudal Age
15:28 Gold Mining
18:26 Castle Age
16:58 Loom
17:00 Double-Bit Axe
17:44 Fishing Lines
17:49 Horse Collar
19:41 Medium Warships
19:52 Bow Saw
20:29 Wheelbarrow
21:09 Gillnets
23:36 Hand Cart
27:58 Caravan
28:47 Fletching
33:06 Imperial Age
30:22 Town Watch
31:24 Gold Shaft Mining
30:39 Stone Mining
32:22 Ballistics
33:13 Onager
35:12 Chemistry
36:04 Drill
36:05 Conscription
36:14 Siege Onager
37:23 Heavy Scorpion
38:47 Siege Engineers
41:50 Bodkin Arrow
42:07 Masonry
42:09 Fortified Wall
41:55 Murder Holes
58:21 Coinage
62:20 Forging
62:15 Scale Barding Armor
65:40 Husbandry
66:00 Light Cavalry
66:51 Bloodlines
67:00 Hussar
68:05 Chain Barding Armor
68:20 Iron Casting
69:02 Iron Casting
68:48 Scale Mail Armor
68:49 Bracer
69:24 Heavy Plow
71:13 Hoardings
73:10 Blast Furnace
Olli
9:17 Loom
11:29 Feudal Age
12:43 Double-Bit Axe
12:44 Fishing Lines
13:06 Gold Mining
15:47 Castle Age
16:43 Medium Warships
16:52 Bow Saw
16:41 Gillnets
28:48 Imperial Age
27:31 Scale Mail Armor
27:41 Forging
27:39 Squires
27:24 Arson
30:09 Horse Collar
31:59 Chain Mail Armor
32:20 Iron Casting
32:54 Heavy Plow
33:52 Plate Mail Armor
37:34 Blast Furnace
38:36 Gold Shaft Mining
38:48 Wheelbarrow
41:17 Conscription
42:21 Hand Cart
48:12 Caravan
50:36 Pikeman
51:53 Halberdier
55:12 Two-Man Saw
69:16 Town Watch
72:41 Treadmill Crane
73:08 Stone Mining
75:03 Chemistry
tano
12:44 Loom
14:46 Feudal Age
16:15 Wheelbarrow
15:28 Double-Bit Axe
15:36 Gold Mining
18:00 Horse Collar
21:30 Castle Age
22:38 Hand Cart
22:35 Bow Saw
22:10 Fishing Lines
23:50 Heavy Plow
25:42 Fletching
27:27 Bodkin Arrow
31:36 Corvinian Army
32:04 Gillnets
39:21 Imperial Age
39:08 Scale Barding Armor
39:16 Padded Archer Armor
40:08 Gold Shaft Mining
39:42 Thumb Ring
40:17 Bloodlines
40:09 Husbandry
39:31 Heavy Cavalry Archer
40:37 Parthian Tactics
41:00 Parthian Tactics
40:43 Recurve Bow
42:30 Chemistry
41:51 Ballistics
42:48 Two-Man Saw
42:20 Crop Rotation
42:22 Conscription
42:16 Elite Magyar Huszar
45:19 Chain Barding Armor
45:37 Bracer
45:52 Leather Archer Armor
46:53 Plate Barding Armor
46:19 Bracer
47:00 Murder Holes
49:07 Leather Archer Armor
51:36 Ring Archer Armor
51:50 Siege Engineers
63:34 Heavy Scorpion
69:06 Caravan
N1ls
4:06 Loom
10:04 Feudal Age
12:18 Double-Bit Axe
16:02 Fletching
16:12 Padded Archer Armor
16:06 Horse Collar
19:31 Castle Age
18:10 Scale Mail Armor
18:23 Gold Mining
20:26 Gambesons
20:01 Man-at-Arms
20:44 Squires
20:30 Arson
21:58 Thumb Ring
21:14 Elite Skirmisher
21:20 Long Swordsman
23:15 Bow Saw
24:37 Stone Mining
24:51 Heavy Plow
34:18 Imperial Age
33:03 Wheelbarrow
34:33 Hand Cart
34:35 Elite Elephant Archer
35:39 Conscription
35:33 Medical Corps
35:46 Bodkin Arrow
36:06 Leather Archer Armor
38:14 Ballistics
38:54 Chemistry
38:33 Hoardings
38:07 Husbandry
37:28 Light Cavalry
39:25 Bracer
39:55 Ring Archer Armor
41:33 Scale Barding Armor
41:43 Chain Mail Armor
41:40 Forging
47:42 Chain Barding Armor
47:58 Iron Casting
49:11 Two-Man Saw
50:02 Careening
50:02 Clinker Construction
50:00 Siphons
50:16 Shipwright
51:05 Dry Dock
50:54 Siphons
51:00 Clinker Construction
51:24 Medium Warships
52:07 Dry Dock
52:58 Incendiaries
52:19 Demolition Ship
53:31 Heavy Warships
54:47 Carvel Hull
Westbergen
11:46 Feudal Age
16:16 Castle Age
14:23 Double-Bit Axe
16:29 Fletching
18:31 Wheelbarrow
24:41 Bow Saw
27:57 Hand Cart
30:17 Scale Barding Armor
30:24 Forging
33:02 Imperial Age
30:42 Horse Collar
31:43 Heavy Plow
32:17 Chain Barding Armor
33:54 Iron Casting
33:21 Cavalier
37:07 Bloodlines
36:58 Husbandry
37:54 Caravan
41:44 Chemistry
41:05 Ballistics
40:36 Heated Shot
40:44 Paladin
46:33 Hill Forts
47:18 Plate Barding Armor
57:27 Light Cavalry
58:20 Scale Mail Armor
58:21 Padded Archer Armor
58:16 Bodkin Arrow
59:00 Bombard Tower
58:34 Winged Hussar
61:48 Two-Man Saw
74:02 Pikeman
74:43 Squires
OwlfromLarsmo
0:29 Loom
11:27 Feudal Age
11:58 Double-Bit Axe
16:04 Fletching
18:47 Castle Age
17:15 Gold Mining
19:58 Medium Warships
20:03 Bow Saw
20:17 Town Watch
21:06 Bodkin Arrow
21:48 Horse Collar
26:27 Stone Mining
27:52 Heavy Plow
29:37 Wheelbarrow
30:26 Murder Holes
30:42 Masonry
34:30 Imperial Age
33:20 Scale Barding Armor
33:26 Forging
34:30 Hand Cart
34:34 Clinker Construction
34:44 Careening
35:06 Ballistics
37:29 Two-Man Saw
36:25 Elite Longship
37:33 Conscription
37:49 Bracer
40:37 Elite Jarl
40:38 Gothikon
42:00 Elite Varangian Guard
42:26 Arson
42:41 Squires
42:46 Scale Mail Armor
43:23 Iron Casting
43:09 Chain Barding Armor
44:04 Chain Mail Armor
45:42 Blast Furnace
46:02 Carvel Hull
46:03 Dry Dock
46:16 Architecture
46:48 Chemistry
49:45 Plate Mail Armor
49:50 Plate Barding Armor
50:00 Shipwright
49:50 Siege Engineers
49:44 Heated Shot
66:37 Husbandry
66:47 Bloodlines
66:05 Light Cavalry
66:51 Caravan
66:21 Vendel Legacy
67:15 Cavalier
Gripen
8:25 Loom
10:10 Feudal Age
11:35 Double-Bit Axe
15:08 Fishing Lines
17:59 Castle Age
17:10 Fletching
18:38 Bodkin Arrow
19:26 Gillnets
22:01 Medium Warships
32:36 Padded Archer Armor
35:30 Imperial Age
34:04 Wheelbarrow
36:43 Bow Saw
36:14 Horse Collar
38:22 Chemistry
38:06 Thumb Ring
37:36 Pikeman
38:17 Squires
38:32 Scale Mail Armor
38:47 Leather Archer Armor
40:26 Conscription
39:37 Halberdier
40:50 Chain Mail Armor
41:51 Supremacy
43:41 Plate Mail Armor
42:59 Arson
43:23 Caravan
44:16 Ring Archer Armor
43:56 Forging
44:54 Heavy Warships
45:03 Bracer
45:16 Clinker Construction
45:13 Siphons
48:47 Gold Mining
48:47 Stone Mining
49:46 Carvel Hull
49:48 Hand Cart
49:19 Town Watch
54:26 Elite Skirmisher
55:06 Elite Conquistador
57:46 Town Patrol
58:25 Iron Casting
60:15 Two-Man Saw
60:21 Blast Furnace
59:27 Scale Barding Armor
62:46 Hoardings
65:19 Ballistics
67:31 Masonry
67:43 Chain Barding Armor
67:08 Cavalier
67:48 Husbandry
67:59 Bloodlines
Connection lost

Rejoining the realm…

Still unreachable

The connection could not be restored.

Session expired

The server has moved on; the page needs a fresh start.